 Dungeon Crawl Stone Soup version 0.31-a0-182-gc5ef74bbde (webtiles) character file.

Game seed: 18030912570676890

362 qw the Chopper (level 6, -8/37 HPs)
             Began as a Gargoyle Fighter on June 20, 2023.
             Mangled by Blork the orc
             ... wielding a +0 glaive
              (12 damage)
             ... on level 4 of the Dungeon.
             The game lasted 00:01:09 (2195 turns).

qw the Chopper (Gargoyle Fighter)                   Turns: 2195, Time: 00:01:09

Health: -8/37      AC: 13    Str: 27    XL:     6   Next: 66%
Magic:  2/2        EV:  9    Int:  9    God:
Gold:   159        SH:  4    Dex:  9    Spells: 5/5 levels left

rFire   . . .        Y - +0 war axe (antimagic)
rCold   . . .        c - +0 buckler
rNeg    + . .        b - +0 scale mail
rPois   inf          q - +1 helmet
rElec   +            (no cloak)
rCorr   .            (no gloves)
SInv    .            (no boots)
Will    .....        j - amulet of regeneration Stlth
                     i - +6 ring of strength
HPRegen 1.06/turn    (no ring)
MPRegen 0.08/turn

%: no passive effects
@: no status effects
A: sickness immunity, AC +4, negative energy resistance 1, electricity
resistance, torment resistance 1, petrification resistance
a: no special abilities


You were on level 4 of the Dungeon.
You visited 1 branch of the dungeon, and saw 4 of its levels.

You collected 159 gold pieces.


Innate Abilities, Weirdness & Mutations

You are immune to sickness and miasma.
Your stone body is resilient. (AC +4)
You are immune to poison.
You resist negative energy. (rN+)
You are resistant to electric shocks. (rElec)
You are resistant to unholy torment.
You are immune to petrification.


   Skills:
 - Level 3.2 Fighting
 + Level 4.9 Axes
 - Level 3.6 Throwing
 - Level 3.2 Armour
 - Level 3.2 Shields


You had 5 spell levels left.
You didn't know any spells.
Your spell library was empty.

Inventory:

Hand Weapons
 k - a +0 war axe
 m - a +2 flail of protection
 Y - a +0 antimagic war axe (weapon)
Missiles
 a - 5 boomerangs
 n - 6 javelins (quivered)
Armour
 b - a +0 scale mail (worn)
 c - a +0 buckler (worn)
 q - a +1 helmet (worn)
Jewellery
 i - a +6 ring of strength (left hand)
 j - an amulet of regeneration (around neck)
Scrolls
 e - a scroll of enchant weapon {unknown}
 f - a scroll of identify
Potions
 d - a potion of might
 g - a potion of resistance
 h - a potion of curing
 l - a potion of attraction
 p - a potion of enlightenment
 r - a potion of cancellation

Dungeon Overview and Level Annotations

Branches:
Dungeon (4/15)
 Temple: D:4-7

Altars:
The Shining One

Annotations:
D:4 Blork the orc


Message History

Blork the orc closely misses you.
Blork the orc hits you with a +0 glaive.
You hit Blork the orc.
Blork the orc's magic leaks into the air.
Blork the orc is lightly wounded.
Blork the orc barely misses you.
Blork the orc hits you with a +0 glaive!
You barely miss Blork the orc.
Blork the orc is lightly wounded.
You block Blork the orc's attack. x2
You completely miss Blork the orc.
Blork the orc is lightly wounded.
Blork the orc's magic is no longer disrupted.
Blork the orc hits you with a +0 glaive.
Blork the orc looks encouraged for a moment.
You completely miss Blork the orc.
Blork the orc is lightly wounded.
Blork the orc looks encouraged for a moment.
You block Blork the orc's attack.
You closely miss Blork the orc.
Blork the orc is lightly wounded.
Blork the orc barely misses you. Blork the orc closely misses you.
You closely miss Blork the orc.
Blork the orc is lightly wounded.
Blork the orc hits you with a +0 glaive.
Blork the orc casts a spell at you. The puff of frost hits you.
You slash Blork the orc!
Blork the orc's magic leaks into the air.
Blork the orc is heavily wounded.
Blork the orc closely misses you.
Blork the orc hits you with a +0 glaive!
You barely miss Blork the orc.
Blork the orc is heavily wounded.
Blork the orc hits you with a +0 glaive.
You hit Blork the orc.
Blork the orc's magic leaks into the air.
Blork the orc is severely wounded.
Blork the orc hits you with a +0 glaive!
You die...

.. ##.##
#####...#
##.......#
##.../....##
#.###...........
#.....#.....#
#.o@....####
#..........# #)#
##..#.####.# #.#
###
##.#.####.###.#
#..
#.#.......##.#
#..
#.######..##.#
#.. ..# #..##.#
##. ### #..##.#
#. #..##.## ##


You could see Blork the orc (fast, magic disrupted).

Vanquished Creatures
  Grinder (D:3)
  An iguana (D:4)
  Natasha (D:4)
  Terence (D:2)
  3 gnolls (D:3)
  An adder (D:3)
  A worm (D:3)
  6 endoplasms
  11 giant cockroaches
  4 goblins
  6 hobgoblins
  4 jackals (D:2)
  A quokka (D:2)
  5 bats
  A frilled lizard (D:1)
  4 kobolds
  5 rats
56 creatures vanquished.

Notes
Turn   | Place    | Note
-------+----------+-------------------------------------------
     0 | D:1      | qw the Gargoyle Fighter began the quest for the Orb.
     0 | D:1      | Reached XP level 1. HP: 14/14 MP: 1/1
     0 | D:1      | 0 ||| qw: Version: 0.3-a-9-g12657ce
     0 | D:1      | 0 ||| qw: Game counter: 1383
     0 | D:1      | 0 ||| qw: Always use a shield: true
     0 | D:1      | 0 ||| qw: God list: Okawaru
     0 | D:1      | 0 ||| qw: Allow faded altars: false
     0 | D:1      | 0 ||| qw: Do Orc after D:15 true
     0 | D:1      | 0 ||| qw: Do second Lair branch before Depths: true
     0 | D:1      | 0 ||| qw: Lair rune preference: random
     0 | D:1      | 0 ||| qw: Plans: Normal, Zot:1-4, Slime:5, God:TSO, Crypt,
                  | Tomb, Abyss, Pan, Hells, Win
     0 | D:1      | 0 ||| PLANNING D:1-11
    93 | D:1      | Reached skill level 2 in Axes
   217 | D:1      | Reached XP level 2. HP: 19/19 MP: 2/2
   245 | D:1      | 245 ||| Stepping ~*~*~tactically~*~*~ (hiding).
   248 | D:1      | 248 ||| Stepping ~*~*~tactically~*~*~ (hiding).
   259 | D:1      | 259 ||| Stepping ~*~*~tactically~*~*~ (stealth).
   403 | D:1      | 403 ||| Stepping ~*~*~tactically~*~*~ (hiding).
   404 | D:1      | 404 ||| Stepping ~*~*~tactically~*~*~ (hiding).
   800 | D:1      | 800 ||| READING scroll labelled IKIOL TONWUIT.
   801 | D:1      | 801 ||| READING scroll labelled LYETIF ELIUWAF.
   802 | D:1      | 802 ||| READING scroll labelled NIPPUTHR HA FIG.
   802 | D:1      | Identified a scroll of acquirement
   802 | D:1      | 802 ||| ACQUIRING +0 antimagic war axe
   802 | D:1      | Acquired a +0 antimagic war axe
   804 | D:1      | 804 ||| SWAPPING to +0 antimagic war axe.
   805 | D:1      | 805 ||| READING scroll labelled ZUUPUZ ECKETO.
   806 | D:1      | 806 ||| DRINKING 2 viscous black potions.
   807 | D:1      | 807 ||| DRINKING 2 pink potions.
   808 | D:1      | 808 ||| DRINKING 2 sedimented sapphire potions.
   809 | D:1      | 809 ||| DROPPING potion of brilliance.
   828 | D:2      | Reached skill level 3 in Axes
   852 | D:2      | Reached XP level 3. HP: 23/23 MP: 1/3
   902 | D:2      | 902 ||| Stepping ~*~*~tactically~*~*~ (hiding).
  1027 | D:2      | Noticed Terence
  1044 | D:2      | Killed Terence
  1045 | D:2      | Reached XP level 4. HP: 22/28 MP: 1/4
  1293 | D:2      | Reached skill level 4 in Axes
  1355 | D:2      | 1355 ||| UPGRADING to amulet of regeneration.
  1360 | D:2      | 1360 ||| UPGRADING to +6 ring of strength.
  1361 | D:2      | 1361 ||| READING scroll labelled QEKOARO PULU.
  1366 | D:2      | 1366 ||| READING scroll labelled QUIS MIYNUAT.
  1367 | D:2      | 1367 ||| READING 6 scrolls labelled FAT REJOAMISK.
  1368 | D:2      | 1368 ||| READING scroll labelled NICSIR DAODGHOE.
  1373 | D:2      | 1373 ||| READING 5 scrolls of identify.
  1373 | D:2      | 1373 ||| IDENTIFYING bubbling pink potion
  1374 | D:2      | 1374 ||| READING 4 scrolls of identify.
  1374 | D:2      | 1374 ||| IDENTIFYING inky potion
  1375 | D:2      | 1375 ||| READING 3 scrolls of identify.
  1375 | D:2      | 1375 ||| IDENTIFYING coppery potion
  1376 | D:2      | 1376 ||| DROPPING potion of degeneration.
  1523 | D:3      | 1523 ||| Stepping ~*~*~tactically~*~*~ (stealth).
  1538 | D:3      | Reached XP level 5. HP: 17/32 MP: 1/5
  1605 | D:3      | Noticed Grinder
  1613 | D:3      | Paralysed by Grinder for 2 turns
  1634 | D:3      | Killed Grinder
  1635 | D:3      | Reached skill level 3 in Throwing
  1635 | D:3      | Reached XP level 6. HP: 37/37 MP: 2/6
  1646 | D:3      | Found a glowing golden altar of the Shining One.
  2034 | D:3      | 2034 ||| UPGRADING to +0 helmet.
  2039 | D:3      | 2039 ||| READING scroll of enchant armour.
  2039 | D:3      | 2039 ||| ENCHANTING +0 helmet.
  2040 | D:3      | 2040 ||| READING scroll labelled SIECOUDGHO RAKH.
  2041 | D:3      | 2041 ||| READING scroll labelled WUCUBU MEBBET.
  2042 | D:3      | 2042 ||| READING 2 scrolls of identify.
  2042 | D:3      | 2042 ||| IDENTIFYING orange potion
  2176 | D:4      | Noticed Blork the orc
  2177 | D:4      | Noticed Natasha
  2185 | D:4      | Killed Natasha
  2193 | D:4      | HP: 7/37 [Blork the orc/+0 glaive (8)]
  2194 | D:4      | HP: 2/37 [Blork the orc/+0 glaive (6)]
  2195 | D:4      | Mangled by Blork the orc

Levels and vault maps discovered:
D:1:      matt_arrival_refuge, layout_basic
D:2:      minmay_roachtagon, layout_rooms, uniq_terence, uniq_crazy_yiuf_cottage
D:3:      layout_loops_ring, mainiacjoe_overflow_boulevard, uniq_grinder
D:4:      layout_loops_ring, grunt_ministairs_14, uniq_blork_the_orc,
          uniq_natasha, uniq_menkaure

Skill      XL: |  1  2  3  4  5 |
---------------+----------------+-----
Axes           | 2 3 4 |  4.9
Throwing       | 3 |  3.6
Fighting       | |  3.2
Armour         | |  3.2
Shields        | |  3.2

Action                     |  1- 3 |  4- 6 || total
---------------------------+-------+-------++-------
  Melee: War axe           |    92 |    79 ||   171
  Throw: Boomerang         |       |    11 ||    11
         Javelin           |       |     9 ||     9
    Use: Scroll            |     4 |    11 ||    15
         Potion            |     3 |       ||     3
 Armour: Scale mail        |    44 |    28 ||    72
  Dodge: Dodged            |    53 |    35 ||    88
  Block: Buckler           |    15 |    10 ||    25

Table legend:
 A = Non-vault XP
 B = Vault XP
 C = Vault XP percentage of total XP
 D = Non-vault monster count
 E = Vault monster count
 F = Vault count percentage of total count
                 A         B        C        D         E       F
            +---------+---------+-------+---------+---------+-------
      Total |     161 |     357 |  68.9 |      44 |      12 |  21.4
            +---------+---------+-------+---------+---------+-------
        D:1 |      29 |       0 |   0.0 |      17 |       0 |   0.0
        D:2 |      23 |      50 |  68.5 |      13 |      10 |  43.5
        D:3 |      69 |     272 |  79.8 |      11 |       1 |   8.3
        D:4 |      40 |      35 |  46.7 |       3 |       1 |  25.0
            +---------+---------+-------+---------+---------+-------
